 Dungeon Crawl Stone Soup version 0.21.1-1-g345015f (webtiles) character file.

515 LairdRich the Chopper (level 7, -5/61 HPs)
             Began as a Minotaur Berserker on July 3, 2018.
             Was a Priest of Trog.
             Killed from afar by an orc (13 damage)
             ... with a wand of acid (4)
             ... on level 4 of the Dungeon.
             The game lasted 00:08:03 (3537 turns).

LairdRich the Chopper (Minotaur Berserker)          Turns: 3537, Time: 00:08:04

Health: -5/61      AC:  5    Str: 22    XL:     7   Next: 0%
Magic:  6/6        EV:  8    Int:  4    God:    Trog [***...]
Gold:   187        SH:  4    Dex: 11    Spells: 6/6 levels left

rFire    + . .     SeeInvis .   y - +2 flail (holy)
rCold    . . .     Gourm    .   u - +0 buckler
rNeg     . . .     Faith    .   c - +0 chain mail {rF+}
rPois    .         Spirit   .   (helmet restricted)
rElec    .         Reflect  .   (no cloak)
rCorr    .         Harm     .   (no gloves)
MR       .....                  (no boots)
Stlth    ..........             (no amulet)
HPRegen  0.20/turn              (no ring)
MPRegen  0.10/turn              (no ring)

@: corroded
A: retaliatory headbutt, horns 2
a: Berserk, Trog's Hand, Burn Spellbooks, Renounce Religion


You were on level 4 of the Dungeon.
You worshipped Trog.
Trog was most pleased with you.
You were not hungry.

You visited 1 branch of the dungeon, and saw 4 of its levels.

You collected 187 gold pieces.

Inventory:

Hand Weapons
 a - a +0 hand axe
 b - a +0 hunting sling
 y - a +2 flail of holy wrath (weapon)
Armour
 c - a +0 chain mail of fire resistance (worn)
 u - a +0 buckler (worn)
Jewellery
 q - a cursed -3 ring of evasion {unknown}
 w - a +4 ring of dexterity {unknown}
Scrolls
 d - 4 scrolls of teleportation {unknown}
 g - a scroll of magic mapping {unknown}
 i - 2 scrolls of identify {unknown}
 k - a scroll of fear {unknown}
 m - 2 scrolls of remove curse {unknown}
 o - 2 scrolls of enchant armour {unknown}
 p - 2 scrolls of enchant weapon {unknown}
 r - 2 scrolls of amnesia {unknown}
Potions
 f - a potion of mutation {unknown}
 h - a potion of lignification {unknown}
 j - a potion of experience {unknown}
 l - a potion of ambrosia {unknown}
 n - 5 potions of curing {unknown}
 s - a potion of heal wounds {unknown}
 v - a potion of haste {unknown}
 x - a potion of magic {unknown}
Comestibles
 e - 6 rations
 t - 4 chunks of flesh


   Skills:
 + Level 5.5 Fighting
 * Level 6.8 Axes
 + Level 4.7 Armour
 - Level 2.1 Dodging
 + Level 2.9 Shields


You had 6 spell levels left.
You didn't know any spells.

Dungeon Overview and Level Annotations

Branches:
Dungeon (4/15)
 Temple: D:4-7

Altars:
Makhleb
Uskayaw

Annotations:
D:3 exclusion: downstairs


Innate Abilities, Weirdness & Mutations

You reflexively headbutt those who attack you in melee.
You have a pair of horns on your head.


Message History

You closely miss the orc wizard.
The orc wizard is almost dead.
The orc hits you. The orc hits you with a war axe!
The orc hits you but does no damage. x2
You thump the orc wizard!
You kill the orc wizard!
Trog accepts your kill.
Trog appreciates your killing of a magic user.
You have reached level 7!
The orc zaps a wand.
The bolt of acid hits you! The acid corrodes you!
You are splashed with acid!
The acid burns!
* * * LOW HITPOINT WARNING * * *
It is a wand of acid (4).
The orc hits you.
* * * LOW HITPOINT WARNING * * *
The orc hits you with a whip.
* * * LOW HITPOINT WARNING * * *
You block the giant cockroach's attack. The orc hits you.
* * * LOW HITPOINT WARNING * * *
The orc zaps a wand.
The bolt of acid hits you!
You die...

... ).... #. .... #...#
#. #...##...# ##
#........# #+#######
.........#######........
o......%.'..............
....##<..##.............
#...##oos##...##....###.
#....oo@......##....###.
.....oo)......#.........
..............#.........
..............#.........
#...#######...##........
#... ######........ ...
#...####. .. ########.
#....


You could see 6 orcs and a giant cockroach.

Vanquished Creatures
  An orc warrior (D:4)
  An ice beast (D:4)
  A hound (D:4)
  4 orc wizards (D:4)
  A worker ant (D:4)
  6 adders
  A worm (D:4)
  4 dart slugs (D:2)
  6 leopard geckos
  12 orcs
  9 bats
  3 giant cockroaches
  9 goblins
  6 hobgoblins
  2 jackals (D:2)
  9 kobolds
  2 quokkas
  3 ball pythons
  5 frilled lizards
  A quokka skeleton (D:4)
  10 rats
96 creatures vanquished.

Notes
Turn   | Place    | Note
-------+----------+-------------------------------------------
     0 | D:1      | LairdRich the Minotaur Berserker began the quest for the Orb.
     0 | D:1      | Reached XP level 1. HP: 19/19 MP: 0/0
   138 | D:1      | Reached skill level 4 in Axes
   143 | D:1      | Reached XP level 2. HP: 23/27 MP: 1/1
   843 | D:2      | Reached XP level 3. HP: 21/33 MP: 2/2
  1032 | D:2      | Found a burning altar of Makhleb.
  1060 | D:2      | Reached ** piety under Trog
  1429 | D:2      | Reached XP level 4. HP: 40/40 MP: 3/3
  1430 | D:2      | Reached skill level 5 in Axes
  1607 | D:2      | Found a hide-covered altar of Uskayaw.
  2123 | D:3      | Reached *** piety under Trog
  2151 | D:3      | Reached skill level 1 in Shields
  2170 | D:3      | Reached XP level 5. HP: 39/47 MP: 4/4
  2643 | D:4      | Noticed an orc warrior
  2938 | D:4      | Killed an orc warrior
  2938 | D:4      | Reached skill level 5 in Fighting
  2938 | D:4      | Reached skill level 6 in Axes
  2938 | D:4      | Reached XP level 6. HP: 49/56 MP: 5/5
  3289 | D:4      | Noticed an ice beast
  3299 | D:4      | Killed an ice beast
  3537 | D:4      | Reached XP level 7. HP: 42/61 MP: 6/6
  3537 | D:4      | Killed from afar by an orc

Skill      XL: |  1  2  3  4  5 |
---------------+----------------+-----
Axes           | 4 5 6 |  6.8
Fighting       | 4 5 |  5.5
Armour         | 3 4 |  4.7
Shields        | 1 2 |  2.9
Dodging        | |  2.1

Action                   |  1- 3 |  4- 6 |  7- 9 || total
-------------------------+-------+-------+-------++-------
Melee: Hand axe          |    72 |   132 |       ||   204
       Headbutt          |    11 |    26 |       ||    37
       Flail             |       |    13 |       ||    13
Invok: Berserk           |       |     1 |       ||     1
  Eat: Chunk             |     2 |     4 |       ||     6
       Ration            |       |     1 |       ||     1
Armor: Animal skin       |     2 |       |       ||     2
       Chain mail        |    42 |    62 |       ||   104
Dodge: Dodged            |    48 |    57 |       ||   105
Block: Buckler           |       |    21 |     1 ||    22
